 Dungeon Crawl Stone Soup version 0.31-a0-151-ge443d1f16c (webtiles) character file.

Game seed: 5895593121480378718

1766 qw the Skirmisher (level 8, -6/74 HPs)
             Began as a Minotaur Hunter on June 8, 2023.
             Killed from afar by a white imp (14 damage)
             ... with a puff of frost
             ... on level 5 of the Dungeon.
             The game lasted 00:01:49 (3842 turns).

qw the Skirmisher (Minotaur Hunter)                 Turns: 3842, Time: 00:01:49

Health: -6/74      AC:  7    Str: 17    XL:     8   Next: 79%
Magic:  6/6        EV: 13    Int:  4    God:
Gold:   52         SH:  0    Dex: 17    Spells: 7/7 levels left

rFire   . . .        Y - +1 orcbow
rCold   . . .        (shield currently unavailable)
rNeg    . . .        i - +0 ring mail
rPois   .            (helmet restricted)
rElec   .            (no cloak)
rCorr   +            e - +0 pair of gloves
SInv    +            f - +0 pair of boots
Will    .....        g - amulet "Kuinyjor" {Regen+ Str+2 SInv}
Stlth   +            j - ring of resist corrosion
HPRegen 1.12/turn    (no ring)
MPRegen 0.10/turn

%: no passive effects
@: no status effects
A: horns 2, retaliatory headbutt, talons 1, deterioration 2, dopey 1, low MP 1,
devolution 1
a: no special abilities


You were on level 5 of the Dungeon.
You visited 1 branch of the dungeon, and saw 7 of its levels.

You collected 204 gold pieces.
You spent 152 gold pieces at shops.


Innate Abilities, Weirdness & Mutations

You have a pair of horns on your head.
You reflexively headbutt those who attack you in melee.
You have sharp toenails.
Your body often deteriorates upon taking damage.
You are dopey. (Int -2)
Your magical capacity is low. (-10% MP)
You have hidden genetic defects.


   Skills:
 - Level 7.8 Fighting
 + Level 10.2 Ranged Weapons
 - Level 3.1 Armour
 - Level 4.3 Dodging
 - Level 0.7 Stealth


You had 7 spell levels left.
You didn't know any spells.
Your spell library was empty.

Inventory:

Hand Weapons
 Y - a +1 orcbow (weapon)
Armour
 e - a +0 pair of gloves (worn)
 f - a +0 pair of boots (worn)
 i - a +0 ring mail (worn)
Jewellery
 g - the amulet "Kuinyjor" (around neck) {Regen+ Str+2 SInv}
   (You acquired it on level 3 of the Dungeon)

   [amulet of regeneration]

   Str:       It affects your strength (+2).
   SInv:      It lets you see invisible.
   Regen:     It increases your rate of health regeneration.
 j - a ring of resist corrosion (left hand)
Scrolls
 c - a scroll of identify
Potions
 a - 2 potions of curing
 b - a potion of lignification {unknown}
 h - a potion of attraction {unknown}

Dungeon Overview and Level Annotations

Branches:
Dungeon (7/15)
 Temple: D:4-7

Altars:
Elyvilon

Shops:
D:2 (!(![   D:6 *

Annotations:
D:5 3 runed translucent doors, exclusions: 2 gnolls and 2 gnoll sergeants, qw's ghost, amateur MiHu
D:6 1 runed translucent door, qw's ghost, novice MiHu


Message History

You shoot an arrow. The arrow hits the gnoll!
The gnoll is heavily wounded.
You feel sick. The gnoll barely misses you.
You shoot an arrow. The arrow hits the gnoll.
The gnoll is severely wounded.
You feel sick.
The gnoll bouda calls upon its god to heal the gnoll.
The gnoll is healed somewhat.
The gnoll hits you but does no damage.
You feel a genetic drift.
You feel your body start to fall apart.
You shoot an arrow. The arrow hits the gnoll!
You kill the gnoll!
You feel sick.
The white imp shouts, "Give up, thou tottering unchin-snouted strumpet!"
You shoot an arrow.
The arrow barely misses the gnoll bouda.
You feel sick.
You shoot an arrow.
The arrow barely misses the gnoll bouda.
You feel sick.
A sleepcap comes into view.
The white imp barely misses you. The white imp gestures at you.
The puff of frost hits you. The gnoll bouda closely misses you.
The white imp barely misses you. x2; The gnoll bouda completely misses you.
You shoot an arrow.
The arrow completely misses the gnoll bouda.
You feel sick. The sleepcap closely misses you.
The white imp closely misses you. The gnoll bouda barely misses you.
The white imp hits you but does no damage.
You shoot an arrow. The arrow hits the gnoll bouda.
The gnoll bouda is lightly wounded.
You feel sick.
You are no longer poisoned.
The gnoll bouda hits you with a +0 club.
The white imp barely misses you. You furiously retaliate!
You headbutt the white imp! The white imp gestures at you.
The puff of frost hits you!
You die...

..........# #####
.........### #...#
.........'.# #...#
......[..#.# #...#
..#######.####...#
.. #........#
#######.#####.#
#########.......#
........@g.......
....##f55.....## .
#)######.# #). ..
#.#g # ..#.$ .#.
.# .# . #. : ##


You could see a sleepcap, a gnoll bouda and 2 white imps.

Vanquished Creatures
  A troll (D:5)
  2 water moccasins
  An ice beast (D:7)
  An orc warrior (D:7)
  2 ogres
  A kobold brigand (D:7)
  A bullfrog (D:7)
  A gnoll sergeant (D:5)
  2 scorpions
  2 orc priests
  A hound (D:6)
  A gnoll bouda (D:7)
  A jelly (D:7)
  A sleepcap (D:7)
  Jessica (D:3)
  7 orc wizards
  7 adders
  14 gnolls
  A white imp (D:6)
  3 worms
  2 dart slugs
  13 orcs
  7 bats
  7 endoplasms
  3 giant cockroaches (D:2)
  6 goblins
  3 hobgoblins
  8 kobolds
  4 quokkas
  5 ball pythons
  5 frilled lizards
  5 rats
119 creatures vanquished.

Notes
Turn   | Place    | Note
-------+----------+-------------------------------------------
     0 | D:1      | qw the Minotaur Hunter began the quest for the Orb.
     0 | D:1      | Reached XP level 1. HP: 18/18 MP: 0/0
     0 | D:1      | 0 ||| qw: Version: 0.2-a-120-gdf1a93b
     0 | D:1      | 0 ||| qw: Game counter: 3067
     0 | D:1      | 0 ||| qw: Always use a shield: true
     0 | D:1      | 0 ||| qw: God list: Okawaru
     0 | D:1      | 0 ||| qw: Allow faded altars: false
     0 | D:1      | 0 ||| qw: Do Orc after D:15 true
     0 | D:1      | 0 ||| qw: Do second Lair branch before Depths: true
     0 | D:1      | 0 ||| qw: Lair rune preference: random
     0 | D:1      | 0 ||| qw: Plans: Normal
     0 | D:1      | 0 ||| PLANNING D:1-11
   123 | D:1      | Reached XP level 2. HP: 23/25 MP: 1/1
   175 | D:1      | Reached skill level 5 in Ranged Weapons
   540 | D:1      | 540 ||| FLEEEEING.
   670 | D:1      | Reached skill level 3 in Fighting
   783 | D:1      | 783 ||| UPGRADING to +0 pair of gloves.
   788 | D:1      | 788 ||| UPGRADING to +0 pair of boots.
   793 | D:1      | 793 ||| UPGRADING to +0 ring mail.
   803 | D:1      | 803 ||| DROPPING +0 leather armour.
   804 | D:1      | 804 ||| READING 3 scrolls labelled DANUMEAPS.
   805 | D:1      | 805 ||| READING 2 scrolls of enchant weapon.
   805 | D:1      | 805 ||| ENCHANTING +1 shortbow.
   806 | D:1      | 806 ||| READING scroll of enchant weapon.
   806 | D:1      | 806 ||| ENCHANTING +2 shortbow.
   807 | D:1      | 807 ||| READING scroll labelled GALET OTYO.
   808 | D:1      | 808 ||| DROPPING scroll of butterflies.
   886 | D:2      | Found Qatodgh's Distillery.
   929 | D:2      | Reached skill level 1 in Armour
   934 | D:2      | Found Poyg's Antique Armour Shoppe.
   940 | D:2      | Reached XP level 3. HP: 31/31 MP: 2/2
  1032 | D:2      | 1032 ||| SHOPLISTING potion of haste (110 gold, have 63).
  1032 | D:2      | 1032 ||| BUYING potion of heal wounds (55 gold).
  1032 | D:2      | Bought a potion of heal wounds for 55 gold pieces
  1032 | D:2      | 1032 ||| SHOPLISTING potion of heal wounds (55 gold, have
                  | 8).
  1032 | D:2      | 1032 ||| SHOPLISTING potion of mutation (88 gold, have 8).
  1032 | D:2      | 1032 ||| SHOPLISTING potion of resistance (110 gold, have
                  | 8).
  1114 | D:2      | Found Kinin's Antique Weapon Boutique.
  1326 | D:2      | Found Azxerry's Weapon Boutique.
  1326 | D:2      | Found Etefinn's Distillery.
  1330 | D:2      | 1330 ||| SHOPLISTING +0 sling of Beogh's Reproof {flame,
                  | rF+ rN++ Str-5} (183 gold, have 33).
  1335 | D:2      | 1335 ||| SHOPLISTING potion of cancellation (104 gold, have
                  | 33).
  1335 | D:2      | 1335 ||| SHOPLISTING potion of curing (39 gold, have 33).
  1335 | D:2      | 1335 ||| SHOPLISTING potion of experience (650 gold, have
                  | 33).
  1335 | D:2      | 1335 ||| SHOPLISTING potion of haste (130 gold, have 33).
  1335 | D:2      | 1335 ||| SHOPLISTING potion of heal wounds (65 gold, have
                  | 33).
  1352 | D:2      | 1352 ||| SHOPLISTING orcbow (84 gold, have 33).
  1489 | D:2      | Reached XP level 4. HP: 38/38 MP: 3/3
  1630 | D:2      | 1630 ||| READING scroll labelled FYOKECU WA GEI.
  1631 | D:2      | 1631 ||| READING scroll labelled OMATEM XULITZO.
  1632 | D:2      | 1632 ||| READING scroll labelled BISYMO YRUTI.
  1733 | D:2      | 1733 ||| READING scroll labelled KACUD NAB.
  1792 | D:3      | Noticed Jessica
  1800 | D:3      | Killed Jessica
  1801 | D:3      | Reached skill level 6 in Ranged Weapons
  2184 | D:3      | Reached XP level 5. HP: 42/46 MP: 4/4
  2231 | D:3      | Found a white marble altar of Elyvilon.
  2716 | D:3      | 2716 ||| READING 2 scrolls labelled LATO WO YSCHISCH.
  2717 | D:3      | 2717 ||| READING scroll labelled JYSTRE WUODD.
  2717 | D:3      | Identified a scroll of acquirement
  2717 | D:3      | 2717 ||| ACQUIRING amulet "Kuinyjor" {Regen+ Str+2 SInv}
  2717 | D:3      | Acquired the amulet "Kuinyjor" {Regen+ Str+2 SInv}
  2719 | D:3      | 2719 ||| UPGRADING to amulet "Kuinyjor" {Regen+ Str+2
                  | SInv}.
  2724 | D:3      | 2724 ||| READING 2 scrolls of identify.
  2724 | D:3      | 2724 ||| IDENTIFYING sapphire potion
  2725 | D:3      | 2725 ||| DROPPING scroll of immolation.
  2726 | D:3      | 2726 ||| DROPPING potion of brilliance.
  2770 | D:4      | You fall into a shaft and drop 3 floors!
  2777 | D:7      | HP: 9/46 [asphyx]
  2778 | D:7      | 2778 ||| DRINKING 2 potions of heal wounds.
  2781 | D:7      | 2781 ||| DRINKING potion of heal wounds.
  2788 | D:7      | Reached skill level 7 in Ranged Weapons
  2959 | D:7      | Reached XP level 6. HP: 47/52 MP: 5/5
  3015 | D:7      | Noticed a water moccasin
  3021 | D:7      | Killed a water moccasin
  3022 | D:7      | Reached skill level 8 in Ranged Weapons
  3086 | D:7      | Reached XP level 7. HP: 41/60 MP: 6/6
  3190 | D:7      | Reached skill level 3 in Dodging
  3271 | D:7      | 3271 ||| READING scroll labelled HAADDY XUEHYBB.
  3274 | D:7      | 3274 ||| FLEEEEING.
  3276 | D:7      | 3276 ||| FLEEEEING.
  3281 | D:7      | Reached skill level 9 in Ranged Weapons
  3300 | D:7      | Reached skill level 6 in Fighting
  3303 | D:7      | Reached XP level 8. HP: 33/70 MP: 7/7
  3309 | D:7      | 3309 ||| FLEEEEING.
  3310 | D:7      | 3310 ||| FLEEEEING.
  3311 | D:7      | 3311 ||| FLEEEEING.
  3314 | D:7      | 3314 ||| FLEEEEING.
  3316 | D:7      | 3316 ||| FLEEEEING.
  3317 | D:7      | 3317 ||| STAIRDANCE
  3367 | D:6      | 3367 ||| Stepping ~*~*~tactically~*~*~ (outnumbered).
  3371 | D:6      | 3371 ||| Stepping ~*~*~tactically~*~*~ (outnumbered).
  3415 | D:6      | Found a runed translucent door.
  3420 | D:6      | Noticed qw's ghost (novice MiHu)
  3455 | D:6      | Reached skill level 10 in Ranged Weapons
  3549 | D:6      | Found Ocriar's General Store.
  3552 | D:6      | 3552 ||| BUYING +0 orcbow (52 gold).
  3552 | D:6      | Bought a +0 orcbow for 52 gold pieces
  3552 | D:6      | 3552 ||| BUYING potion of curing (45 gold).
  3552 | D:6      | Bought a potion of curing for 45 gold pieces
  3552 | D:6      | 3552 ||| SHOPLISTING scroll of identify (30 gold, have 10).
  3552 | D:6      | 3552 ||| SHOPLISTING wand of digging (4) (252 gold, have
                  | 10).
  3552 | D:6      | 3552 ||| SWAPPING to +0 orcbow.
  3553 | D:6      | 3553 ||| DROPPING +3 shortbow.
  3613 | D:6      | 3613 ||| UPGRADING to ring of resist corrosion.
  3614 | D:6      | 3614 ||| READING scroll labelled ASTROT EFUIDGHA.
  3615 | D:6      | 3615 ||| DRINKING 2 fizzy black potions.
  3615 | D:6      | Gained mutation: Your mind is acute. (Int +4, Str/Dex -1)
                  | [potion of mutation]
  3615 | D:6      | Gained mutation: You are frail. (-10% HP) [potion of
                  | mutation]
  3615 | D:6      | Gained mutation: Your body sometimes deteriorates upon
                  | taking damage. [potion of mutation]
  3615 | D:6      | Gained mutation: You are partially covered in iridescent
                  | scales. (AC +2) [potion of mutation]
  3616 | D:6      | 3616 ||| DRINKING potion of mutation.
  3616 | D:6      | Lost mutation: You are frail. (-10% HP) [potion of
                  | mutation]
  3616 | D:6      | Lost mutation: You are partially covered in iridescent
                  | scales. (AC +2) [potion of mutation]
  3616 | D:6      | Lost mutation: Your mind is acute. (Int +4, Str/Dex -1)
                  | [potion of mutation]
  3616 | D:6      | Gained mutation: You have hidden genetic defects. [potion
                  | of mutation]
  3616 | D:6      | Gained mutation: Your magical capacity is low. (-10% MP)
                  | [potion of mutation]
  3616 | D:6      | Gained mutation: You are dopey. (Int -2) [potion of
                  | mutation]
  3616 | D:6      | Gained mutation: You have sharp toenails. [potion of
                  | mutation]
  3629 | D:5      | Entered Level 5 of the Dungeon
  3629 | D:5      | Found a runed translucent gate.
  3629 | D:5      | Found a runed translucent gate.
  3629 | D:5      | Found a runed translucent gate.
  3630 | D:5      | 3630 ||| PLANNING SEWER
  3630 | D:5      | Noticed qw's ghost (amateur MiHu)
  3666 | D:5      | Reached skill level 3 in Armour
  3709 | D:5      | 3709 ||| DRINKING 2 pink potions.
  3720 | D:5      | 3720 ||| READING scroll of enchant weapon.
  3720 | D:5      | 3720 ||| ENCHANTING +0 orcbow.
  3726 | D:5      | 3726 ||| DROPPING potion of invisibility.
  3748 | D:5      | 3748 ||| Stepping ~*~*~tactically~*~*~ (water).
  3749 | D:5      | 3749 ||| Stepping ~*~*~tactically~*~*~ (outnumbered).
  3778 | D:5      | 3778 ||| Stepping ~*~*~tactically~*~*~ (water).
  3780 | D:5      | 3780 ||| Stepping ~*~*~tactically~*~*~ (water).
  3813 | D:5      | Noticed a troll
  3823 | D:5      | Killed a troll
  3824 | D:5      | 3824 ||| Stepping ~*~*~tactically~*~*~ (outnumbered).
  3834 | D:5      | HP: 18/74 [poisoned by a gnoll]
  3837 | D:5      | Gained mutation: Your body often deteriorates upon taking
                  | damage. [hidden defects]
  3839 | D:5      | HP: 12/74 [poisoned by a gnoll]
  3842 | D:5      | Killed from afar by a white imp

Levels and vault maps discovered:
D:1:      sevenhm_arrival_forest_fort_small_6, layout_basic
D:2:      layout_loops_ring, serial_shops, nicolae_shop_waterfront, shop, shop,
          shop, nicolae_shop_tiny_glass
D:3:      layout_basic, nicolae_elyvilon_temple_path, st_stairs_13, uniq_jessica
D:4:      layout_basic, dk_yredelemnul_ordeal, minmay_temple_entry_junction
D:5:      layout_basic, gup_sewer_entry_glass, serial_bayou,
          serial_bayou_crossing, serial_bayou_pond_e, serial_bayou_shore_a,
          serial_bayou_ford_a, gammafunk_ghost_necromancy,
          minmay_manual_monstrance
D:6:      layout_basic, serial_shops, nicolae_shop_rolling_square, shop,
          nicolae_shop_behind_doors, ebering_ghost_sewer_d
D:7:      layout_cave_pods, nicolae_eternal_life, mrwooster_statue_mirror,
          st_stairs_10, kennysheep_generic_room_10

Skill      XL: |  1  2  3  4  5  6  7  8 |
---------------+-------------------------+-----
Ranged Weapons | 5 6 7 8 9 10 | 10.2
Fighting       | 3 4 6 7 |  7.8
Armour         | 1 2 3 |  3.1
Dodging        | 3 4 |  4.3
Stealth        | |  0.7

Action                     |  1- 3 |  4- 6 |  7- 9 || total
---------------------------+-------+-------+-------++-------
   Fire: Shortbow          |    94 |   124 |   120 ||   338
         Orcbow            |       |       |    73 ||    73
    Use: Scroll            |     4 |     7 |     3 ||    14
         Potion            |       |     2 |     3 ||     5
 Armour: Leather armour    |     7 |       |       ||     7
         Ring mail         |     3 |    31 |    49 ||    83
  Dodge: Dodged            |     9 |    36 |   107 ||   152

Table legend:
 A = Non-vault XP
 B = Vault XP
 C = Vault XP percentage of total XP
 D = Non-vault monster count
 E = Vault monster count
 F = Vault count percentage of total count
                 A         B        C        D         E       F
            +---------+---------+-------+---------+---------+-------
      Total |    1864 |     659 |  26.1 |     111 |       8 |   6.7
            +---------+---------+-------+---------+---------+-------
        D:1 |      30 |       0 |   0.0 |      16 |       0 |   0.0
        D:2 |      75 |       0 |   0.0 |      24 |       0 |   0.0
        D:3 |      61 |      50 |  45.0 |      19 |       2 |   9.5
        D:5 |     289 |     446 |  60.7 |      12 |       3 |  20.0
        D:6 |     333 |       0 |   0.0 |      15 |       0 |   0.0
        D:7 |    1076 |     163 |  13.2 |      25 |       3 |  10.7
            +---------+---------+-------+---------+---------+-------
